 Dungeon Crawl Stone Soup version 0.23-a0-391-g8c51ad5 (webtiles) character file.

9 Firecrotchwizard the Firebug (level 2, -3/23 HPs)
             Began as a Hill Orc Fire Elementalist on Oct 30, 2018.
             Slain by a hobgoblin
             ... wielding a +0 club
              (4 damage)
             ... on level 1 of the Dungeon.
             The game lasted 00:01:12 (258 turns).

Firecrotchwizard the Firebug (HOFE)                  Turns: 258, Time: 00:01:12

Health: -3/23      AC:  2    Str: 10    XL:     2   Next: 16%
Magic:  1/4        EV: 12    Int: 15    God:
Gold:   0          SH:  0    Dex: 11    Spells: 3/4 levels left

rFire    . . .     SeeInvis .   (no weapon)
rCold    . . .     Gourm    .   (no shield)
rNeg     . . .     Faith    .   a - +0 robe
rPois    .         Spirit   .   (no helmet)
rElec    .         Reflect  .   (no cloak)
rCorr    .         Harm     .   (no gloves)
MR       .....                  (no boots)
Stlth    ++........             (no amulet)
HPRegen  0.07/turn              (no ring)
MPRegen  0.09/turn              (no ring)

@: no status effects
A: no striking features
a: no special abilities


You were on level 1 of the Dungeon.
You were not hungry.

You visited 1 branch of the dungeon, and saw 1 of its levels.

Inventory:

Missiles
 b - 2 stones (quivered)
Armour
 a - a +0 robe (worn)
Comestibles
 c - a ration
 d - a chunk of flesh {@w0}


   Skills:
 + Level 1.4 Fighting
 + Level 1.2 Armour
 - Level 1.5 Dodging
 - Level 1.5 Stealth
 - Level 1.5 Spellcasting
 - Level 1.0 Conjurations
 - Level 3.2 Fire Magic


You had 3 spell levels left.
You knew the following spells:

 Your Spells              Type           Power        Failure   Level  Hunger
a - Flame Tongue          Conj/Fire      #....        10%         1    ##.....

Your spell library contained the following spells:

 Spells                   Type           Power        Failure   Level  Hunger
 Throw Flame              Conj/Fire      #.....       14%         2    ###....
 Conjure Flame            Conj/Fire      #.......     28%         3    ####...
 Inner Flame              Hex/Fire       #.......     34%         3    ####...
 Sticky Flame             Conj/Fire      #.......     67%         4    #####..
 Fireball                 Conj/Fire      #.........   95%         5    ######.


Dungeon Overview and Level Annotations

Branches:
Dungeon (1/15)

Altars:


Message History

Aim: a jackal The flame tongue misses the jackal.
The jackal barely misses you.
Aim: a jackal The flame tongue hits the jackal.
The jackal appears unharmed.
The jackal barely misses you. x2
You now have 0/3 mp.
You closely miss the jackal.
The jackal bites you but does no damage.
You closely miss the jackal.
The jackal bites you but does no damage.
The jackal misses you.
You hit the jackal but do no damage. The jackal barely misses you.
You hit the jackal. The jackal bites you.
You take 2 damage, and have 11/16 hp.
You hit the jackal but do no damage. The jackal misses you.
The jackal bites you but does no damage.
You hit the jackal but do no damage. The jackal bites you.
You take 1 damage, and have 10/16 hp.
You barely miss the jackal.
The jackal barks!
The jackal misses you. The jackal closely misses you.
You hit the jackal but do no damage. The jackal bites you.
You take 1 damage, and have 9/16 hp.
You barely miss the jackal. The jackal bites you.
You take 1 damage, and have 8/16 hp.
You closely miss the jackal. The jackal misses you.
The jackal closely misses you.
A goblin comes into view.
The goblin shouts!
You hit the jackal.
The jackal pauses to sniff the ground.
The jackal bites you.
You take 1 damage, and have 7/16 hp.
You hit the jackal.
You kill the jackal!
Your Armour skill increases to level 1!
You have reached level 2!
You regained 3 hp, and now have 10/23 hp.
A goblin is nearby!
A goblin is nearby!
A goblin is nearby!
The jackal barks!
A hobgoblin comes into view. It is wielding a +0 club.
Your magical contamination has completely faded away.
MP restored: 4 A goblin opens the gate.
The goblin closely misses you. The goblin hits you but does no damage.
The jackal closely misses you. The goblin closely misses you.
The jackal barely misses you. The jackal closely misses you.
The goblin hits you.
You take 3 damage, and have 10/23 hp.
The jackal closely misses you. The goblin barely misses you.
The jackal barks!
The jackal barely misses you.
The jackal bites you but does no damage.
The goblin misses you. The hobgoblin closely misses you.
The jackal barely misses you. The goblin barely misses you.
The jackal bites you but does no damage.
The hobgoblin closely misses you. The goblin hits you but does no damage.
The jackal barely misses you. The hobgoblin barely misses you.
The jackal bites you but does no damage.
The goblin completely misses you. The hobgoblin closely misses you.
The jackal barely misses you. The goblin barely misses you.
The jackal bites you. The hobgoblin hits you with a +0 club.
The jackal closely misses you. The goblin hits you but does no damage.
You take 4 damage, and have 7/23 hp.
The jackal bites you.
* * * LOW HITPOINT WARNING * * *
The hobgoblin hits you but does no damage.
The goblin closely misses you. The jackal bites you.
* * * LOW HITPOINT WARNING * * *
The hobgoblin barely misses you. The goblin barely misses you.
The jackal barely misses you. The hobgoblin closely misses you.
The jackal barely misses you. The goblin closely misses you.
The jackal barely misses you. The hobgoblin closely misses you.
The goblin hits you.
* * * LOW HITPOINT WARNING * * *
The jackal closely misses you. x2; The goblin hits you but does no damage.
The hobgoblin barely misses you.
You take 3 damage, and have 4/23 hp.
Aim: a goblin The flame tongue hits the goblin.
You kill the goblin!
The jackal closely misses you.
You now have 3/4 mp.
Aim: a jackal The flame tongue hits the jackal.
The jackal barely misses you. The hobgoblin hits you with a +0 club.
* * * LOW HITPOINT WARNING * * *
The jackal misses you. The jackal barely misses you.
You take 3 damage, and have 1/23 hp.
You now have 2/4 mp.
Aim: a jackal (almost dead)
The flame tongue hits the jackal.
You kill the jackal!
The jackal misses you. The hobgoblin hits you with a +0 club.
You die...

#. . . .# .#
.. .r ######.#
#.#. ......
#... #...#
##..####...# #
#..........#
...##''h##..#
##.#.÷.†@#..#
##..#...g.#..#
....#..<..#..#
###.#.....#..#
...#######..##
###
#.........#
...........#
.#.....!...#
#.#........##


You could see a jackal and a hobgoblin.

Vanquished Creatures
  A giant cockroach (D:1)
  A goblin (D:1)
  2 jackals (D:1)
  2 kobolds (D:1)
  2 rats (D:1)
8 creatures vanquished.

Notes
Turn   | Place    | Note
-------+----------+-------------------------------------------
     0 | D:1      | Firecrotchwizard the Hill Orc Fire Elementalist began the
                  | quest for the Orb.
     0 | D:1      | Reached XP level 1. HP: 14/14 MP: 3/3
   144 | D:1      | Reached skill level 1 in Fighting
   191 | D:1      | Reached skill level 1 in Armour
   191 | D:1      | Reached XP level 2. HP: 10/23 MP: 0/4
   252 | D:1      | HP: 5/23 [jackal (1)]
   257 | D:1      | HP: 1/23 [hobgoblin/+0 club (3)]
   258 | D:1      | Slain by a hobgoblin

Vault maps used:
D:1:      dpeg_arrival_windows_large_door

Skill      XL: |  1 |
---------------+----+-----
Fighting       | 1 |  1.4
Armour         | 1 |  1.2
Dodging        | |  1.5
Stealth        | |  1.5
Spellcasting   | |  1.5
Conjurations   | |  1.0
Fire Magic     | |  3.2

Action                   || total
-------------------------++-------
Melee: Unarmed           ||    37
 Cast: Flame Tongue      ||    11
Armor: Robe              ||    21
Dodge: Dodged            ||    65

Table legend:
 A = Non-vault XP
 B = Vault XP
 C = Vault XP percentage of total XP
 D = Non-vault monster count
 E = Vault monster count
 F = Vault count percentage of total count
                 A         B        C        D         E       F
            +---------+---------+-------+---------+---------+-------
      Total |      14 |       0 |   0.0 |       8 |       0 |   0.0
            +---------+---------+-------+---------+---------+-------
        D:1 |      14 |       0 |   0.0 |       8 |       0 |   0.0
            +---------+---------+-------+---------+---------+-------

Vault maps used:
D:1:      dpeg_arrival_windows_large_door

Table legend:
 A = Turns spent in this place as a percentage of turns spent in the entire game.
 B = Non-inter-level travel turns spent in this place as a percentage of non-inter-level travel turns spent in the entire game.
 C = Inter-level travel turns spent in this place as a percentage of turns spent in this place.
 D = Turns resting spent in this place as a percentage of non-inter-level travel turns spent in this place.
 E = Turns spent auto-exploring this place as a percentage of non-inter-level travel turns spent in this place.
 F = Non-inter-level travel turns spent in this place divided by the number of levels of this place that you've seen.
                   A       B       C       D       E      F
               +-------+-------+-------+-------+-------+----------------------
         Total | 100.0 | 100.0 |   0.0 |  41.5 |   4.7 | 258.0
       Dungeon | 100.0 | 100.0 |   0.0 |  41.5 |   4.7 | 258.0
               +-------+-------+-------+-------+-------+----------------------

Table legend:
 A = Kills in this place as a percentage of kills in entire the game.
 B = Kills by you in this place as a percentage of kills by you in the entire game.
 C = Kills by friends in this place as a percentage of kills by friends in the entire game.
 D = Other kills in this place as a percentage of other kills in the entire game.
 E = Experience gained in this place as a percentage of experience gained in the entire game.
 F = Experience gained in this place divided by the number of levels of this place that you have seen.
                   A       B       C       D       E      F
               +-------+-------+-------+-------+-------+----------------------
         Total | 100.0 | 100.0 |   N/A |   N/A | 100.0 |  14.0
       Dungeon | 100.0 | 100.0 |   N/A |   N/A | 100.0 |  14.0
               +-------+-------+-------+-------+-------+----------------------
